TOP OF THE 1ST |
Stanford Cardinal batting - Pitching for Minnesota Golden Gophers : RHP David Dean
|
Pitching: RHP David Dean
|
|
Batting: SHB Dave Henley
|
0-0: Ball 1-0: Swinging Strike 1-1: Fly out, F8 (Flyball, 8LM)
|
Batting: LHB Alberto Roberts
|
0-0: Ball 1-0: Ball 2-0: Ball 3-0: Base on Balls
|
Batting: RHB Fernando Vargas
|
0-0: Ball 1-0: Swinging Strike 1-1: Swinging Strike 1-2: Strikes out swinging
|
Batting: LHB Frank Young
|
0-0: Called Strike 0-1: Called Strike 0-2: Foul Ball, location: 2F 0-2: Ball 1-2: Foul Ball, location: 2F 1-2: Foul Ball, location: 2F 1-2: Foul Ball, location: 2F 1-2: Ball Wild Pitch! Alberto Roberts to second 2-2: Strikes out swinging
|
Top of the 1st over - 0 run(s), 0 hit(s), 0 error(s), 1 left on base; Stanford 0 - Minnesota 0 |
BOTTOM OF THE 1ST |
Minnesota Golden Gophers batting - Pitching for Stanford Cardinal : LHP Robert Cochran
|
Pitching: LHP Robert Cochran
|
|
Batting: SHB Van White
|
0-0: Called Strike 0-1: Ground out 6-3 (Groundball, 6)
|
Batting: RHB Esteban Ayala
|
0-0: Called Strike 0-1: Ball 1-1: Ball 2-1: Ball 3-1: Foul Ball, location: 2F 3-2: Foul Ball, location: 2F 3-2: Foul Ball, location: 2F 3-2: Base on Balls
|
Batting: RHB Carlos López
|
0-0: Ball 1-0: Ball 2-0: Foul Ball, location: 2F 2-1: Swinging Strike 2-2: Ball 3-2: Foul Ball, location: 2F 3-2: Strikes out looking
|
Batting: RHB Brady McIntyre
|
0-0: Swinging Strike 0-1: Foul Ball, location: 2F 0-2: Strikes out looking
|
Bottom of the 1st over - 0 run(s), 0 hit(s), 0 error(s), 1 left on base; Stanford 0 - Minnesota 0 |
TOP OF THE 2ND |
Stanford Cardinal batting - Pitching for Minnesota Golden Gophers : RHP David Dean
|
Batting: RHB Carlos Franco
|
0-0: Ball 1-0: Called Strike 1-1: Foul Ball, location: 2F 1-2: Strikes out swinging
|
Batting: LHB Geoffrey Bird
|
0-0: Ball 1-0: Ball 2-0: Swinging Strike 2-1: Ball 3-1: Base on Balls
|
Batting: RHB Bill Hansen
|
0-0: Called Strike 0-1: Swinging Strike 0-2: Ball 1-2: Foul Ball, location: 2F 1-2: Ball 2-2: Strikes out looking
|
Batting: LHB Roderick Delgado
|
0-0: Called Strike 0-1: Ball 1-1: Foul Ball, location: 2F 1-2: Strikes out swinging
|
Top of the 2nd over - 0 run(s), 0 hit(s), 0 error(s), 1 left on base; Stanford 0 - Minnesota 0 |
BOTTOM OF THE 2ND |
Minnesota Golden Gophers batting - Pitching for Stanford Cardinal : LHP Robert Cochran
|
Batting: LHB Matt Murphy
|
0-0: Swinging Strike 0-1: Foul Ball, location: 2F 0-2: Ball 1-2: Ball 2-2: Foul Ball, location: 2F 2-2: Ball 3-2: Strikes out looking
|
Batting: RHB Ben Lund
|
0-0: Ball 1-0: Ball 2-0: Swinging Strike 2-1: Foul Ball, location: 2F 2-2: Strikes out swinging
|
Batting: RHB Tim Glendonwyn
|
0-0: Ball 1-0: Ground out 4-3 (Groundball, 4)
|
Bottom of the 2nd over - 0 run(s), 0 hit(s), 0 error(s), 0 left on base; Stanford 0 - Minnesota 0 |
TOP OF THE 3RD |
Stanford Cardinal batting - Pitching for Minnesota Golden Gophers : RHP David Dean
|
Batting: LHB Caleb Hall
|
0-0: Ball 1-0: Ball 2-0: Ball 3-0: Called Strike 3-1: Base on Balls
|
Batting: SHB Dave Henley
|
0-0: Called Strike 0-1: Ball 1-1: Called Strike 1-2: Foul Ball, location: 2F 1-2: Ball 2-2: Fly out, F6 (Popup, 56)
|
Batting: LHB Alberto Roberts
|
0-0: Ball 1-0: Foul Ball, location: 2F 1-1: Ball 2-1: Foul Ball, location: 2F 2-2: Strikes out swinging
|
Batting: RHB Fernando Vargas
|
0-0: Foul Ball, location: 2F 0-1: Fly out, F8 (Flyball, 8LM)
|
Top of the 3rd over - 0 run(s), 0 hit(s), 0 error(s), 1 left on base; Stanford 0 - Minnesota 0 |
BOTTOM OF THE 3RD |
Minnesota Golden Gophers batting - Pitching for Stanford Cardinal : LHP Robert Cochran
|
Batting: LHB Nick Hopper
|
0-0: Ball 1-0: Ground out 4-3 (Groundball, 4)
|
Batting: RHB Félix Escamilla
|
0-0: Ball 1-0: Called Strike 1-1: Ball 2-1: Foul Ball, location: 2F 2-2: Ball 3-2: Base on Balls
|
Batting: SHB Van White
|
0-0: Ball 1-0: Called Strike 1-1: Swinging Strike 1-2: Strikes out looking
|
Batting: RHB Esteban Ayala
|
0-0: Ball 1-0: Ground out 6-3 (Groundball, 6)
|
Bottom of the 3rd over - 0 run(s), 0 hit(s), 0 error(s), 1 left on base; Stanford 0 - Minnesota 0 |
TOP OF THE 4TH |
Stanford Cardinal batting - Pitching for Minnesota Golden Gophers : RHP David Dean
|
Batting: LHB Frank Young
|
0-0: Ball 1-0: Ball 2-0: Fly out, F9 (Flyball, 9M)
|
Batting: RHB Carlos Franco
|
0-0: Called Strike 0-1: Ball 1-1: Ball 2-1: Ground out 4-3 (Groundball, 13)
|
Batting: LHB Geoffrey Bird
|
0-0: Called Strike 0-1: Foul Ball, location: 2F 0-2: Ball 1-2: Strikes out swinging
|
Top of the 4th over - 0 run(s), 0 hit(s), 0 error(s), 0 left on base; Stanford 0 - Minnesota 0 |
BOTTOM OF THE 4TH |
Minnesota Golden Gophers batting - Pitching for Stanford Cardinal : LHP Robert Cochran
|
Batting: RHB Carlos López
|
0-0: Fly out, F6 (Popup, 6D)
|
Batting: RHB Brady McIntyre
|
0-0: Fly out, F9 (Flyball, 9M)
|
Batting: LHB Matt Murphy
|
0-0: Swinging Strike 0-1: Ball 1-1: Foul Ball, location: 2F 1-2: Strikes out swinging
|
Bottom of the 4th over - 0 run(s), 0 hit(s), 0 error(s), 0 left on base; Stanford 0 - Minnesota 0 |
TOP OF THE 5TH |
Stanford Cardinal batting - Pitching for Minnesota Golden Gophers : RHP David Dean
|
Batting: RHB Bill Hansen
|
0-0: Ball 1-0: Called Strike 1-1: Fly out, F7 (Flyball, 78D)
|
Batting: LHB Roderick Delgado
|
0-0: SINGLE (Line Drive, 56D)
|
Batting: LHB Caleb Hall
|
0-0: Called Strike 0-1: Foul Ball, location: 2F 0-2: Ball 1-2: Foul Ball, location: 2F 1-2: Ball 2-2: Ball 3-2: Foul Ball, location: 2F 3-2: Strikes out looking
|
Pitching: RHP Albert Colwill
|
|
Batting: SHB Dave Henley
|
0-0: Ball Roderick Delgado steals 2nd base 1-0: Foul Ball, location: 2F 1-1: Foul Ball, location: 2F 1-2: Foul Ball, location: 2F 1-2: Ball 2-2: Foul Ball, location: 2F 2-2: Ground out 4-3 (Groundball, 34)
|
Top of the 5th over - 0 run(s), 1 hit(s), 0 error(s), 1 left on base; Stanford 0 - Minnesota 0 |
BOTTOM OF THE 5TH |
Minnesota Golden Gophers batting - Pitching for Stanford Cardinal : LHP Robert Cochran
|
Batting: RHB Ben Lund
|
0-0: Ball 1-0: Foul Ball, location: 2F 1-1: Called Strike 1-2: Foul Ball, location: 2F 1-2: Strikes out swinging
|
Batting: RHB Tim Glendonwyn
|
0-0: Ball 1-0: Swinging Strike 1-1: Ball 2-1: Called Strike 2-2: Fly out, F3 (Popup, 9LSF)
|
Batting: LHB Nick Hopper
|
0-0: Ball 1-0: SINGLE (Line Drive, 6MD)
|
Batting: RHB Félix Escamilla
|
0-0: Ball 1-0: SINGLE (Flyball, 8RS) Nick Hopper to second
|
Batting: SHB Van White
|
0-0: Foul Ball, location: 2F 0-1: Ball 1-1: Ball 2-1: Ball 3-1: Base on Balls Nick Hopper to third Félix Escamilla to second
|
Batting: RHB Esteban Ayala
|
0-0: GRAND SLAM HOME RUN (Line Drive, 7D), Distance : 352 ft
|
Batting: RHB Carlos López
|
0-0: Ball 1-0: Called Strike 1-1: Fly out, F9 (Flyball, 9M)
|
Bottom of the 5th over - 4 run(s), 3 hit(s), 0 error(s), 0 left on base; Stanford 0 - Minnesota 4 |
TOP OF THE 6TH |
Stanford Cardinal batting - Pitching for Minnesota Golden Gophers : RHP Albert Colwill
|
Batting: LHB Alberto Roberts
|
0-0: Called Strike 0-1: Foul Ball, location: 2F 0-2: Ball 1-2: Strikes out swinging
|
Batting: RHB Fernando Vargas
|
0-0: Foul Ball, location: 2F 0-1: Called Strike 0-2: Foul Ball, location: 2F 0-2: Ball 1-2: Ball 2-2: Ball 3-2: SINGLE (Flyball, 8RS)
|
Batting: LHB Frank Young
|
0-0: Called Strike 0-1: Swinging Strike 0-2: Strikes out looking
|
Batting: RHB Carlos Franco
|
0-0: Ball 1-0: Swinging Strike 1-1: Fielders Choice at 2nd, U4 (Groundball, 4M)
|
Top of the 6th over - 0 run(s), 1 hit(s), 0 error(s), 1 left on base; Stanford 0 - Minnesota 4 |
BOTTOM OF THE 6TH |
Minnesota Golden Gophers batting - Pitching for Stanford Cardinal : LHP Robert Cochran
|
Batting: RHB Brady McIntyre
|
0-0: Reached on error, E5 (Groundball, 56)
|
Batting: LHB Matt Murphy
|
0-0: Ball 1-0: Ball 2-0: Ball 3-0: Called Strike 3-1: Foul Ball, location: 2F 3-2: Foul Ball, location: 2F 3-2: Grounds into double play, U4-3 (Groundball, 4)
|
Batting: RHB Ben Lund
|
0-0: Ball 1-0: Foul Ball, location: 2F 1-1: Foul Ball, location: 2F 1-2: Foul Ball, location: 2F 1-2: Ground out 4-3 (Groundball, 4)
|
Bottom of the 6th over - 0 run(s), 0 hit(s), 1 error(s), 0 left on base; Stanford 0 - Minnesota 4 |
TOP OF THE 7TH |
Stanford Cardinal batting - Pitching for Minnesota Golden Gophers : RHP Albert Colwill
|
Batting: LHB Geoffrey Bird
|
0-0: Foul Ball, location: 2F 0-1: Ball 1-1: SINGLE (Groundball, 5D)
|
Batting: RHB Bill Hansen
|
0-0: Foul Ball, location: 2F 0-1: Ball 1-1: Ball 2-1: Grounds into double play, 5-4-3 (Groundball, 56)
|
Batting: LHB Roderick Delgado
|
0-0: Ball 1-0: Ground out U3 (Groundball, 3L)
|
Top of the 7th over - 0 run(s), 1 hit(s), 0 error(s), 0 left on base; Stanford 0 - Minnesota 4 |
BOTTOM OF THE 7TH |
Minnesota Golden Gophers batting - Pitching for Stanford Cardinal : LHP Robert Cochran
|
Pitching: RHP Earl Garza
|
|
Batting: RHB Tim Glendonwyn
|
0-0: Ball 1-0: Swinging Strike 1-1: Foul Ball, location: 2F 1-2: Ball 2-2: Strikes out swinging
|
Batting: LHB Nick Hopper
|
0-0: Called Strike 0-1: SINGLE (Line Drive, 7S)
|
Batting: RHB Félix Escamilla
|
0-0: Ball 1-0: Fly out, F9 (Flyball, 9M)
|
Batting: SHB Van White
|
0-0: Fly out, F8 (Flyball, 78M)
|
Bottom of the 7th over - 0 run(s), 1 hit(s), 0 error(s), 1 left on base; Stanford 0 - Minnesota 4 |
TOP OF THE 8TH |
Stanford Cardinal batting - Pitching for Minnesota Golden Gophers : RHP Albert Colwill
|
Pitching: LHP Jeff O'Farrell
|
|
Batting: LHB Caleb Hall
|
0-0: Called Strike 0-1: Swinging Strike 0-2: Ball 1-2: Strikes out looking
|
Batting: SHB Dave Henley
|
0-0: Called Strike 0-1: Ball 1-1: SINGLE (Line Drive, 4D)
|
Batting: LHB Alberto Roberts
|
0-0: Called Strike 0-1: Called Strike 0-2: Strikes out swinging
|
Batting: RHB Fernando Vargas
|
0-0: Ground out 5-3 (Groundball, 5L)
|
Top of the 8th over - 0 run(s), 1 hit(s), 0 error(s), 1 left on base; Stanford 0 - Minnesota 4 |
BOTTOM OF THE 8TH |
Minnesota Golden Gophers batting - Pitching for Stanford Cardinal : RHP Earl Garza
|
Batting: RHB Esteban Ayala
|
0-0: Ball 1-0: Ground out 4-3 (Groundball, 34)
|
Batting: RHB Carlos López
|
0-0: Ball 1-0: Ball 2-0: Foul Ball, location: 2F 2-1: Ball 3-1: Foul Ball, location: 2F 3-2: Base on Balls
|
Batting: RHB Brady McIntyre
|
0-0: Ball 1-0: Called Strike 1-1: Swinging Strike 1-2: Ball 2-2: Ball 3-2: Strikes out looking Carlos López is caught stealing 2nd base Batter strikes out.
|
Bottom of the 8th over - 0 run(s), 0 hit(s), 0 error(s), 0 left on base; Stanford 0 - Minnesota 4 |
TOP OF THE 9TH |
Stanford Cardinal batting - Pitching for Minnesota Golden Gophers : LHP Jeff O'Farrell
|
Batting: LHB Frank Young
|
0-0: Ball 1-0: Fly out, F1 (Line Drive, 15)
|
Batting: RHB Carlos Franco
|
0-0: Called Strike 0-1: Swinging Strike 0-2: Ball 1-2: Ball 2-2: Strikes out swinging
|
Batting: LHB Geoffrey Bird
|
0-0: Called Strike 0-1: Ball 1-1: Ball 2-1: Foul Ball, location: 2F 2-2: Ball 3-2: Base on Balls
|
Batting: RHB Bill Hansen
|
0-0: Called Strike 0-1: 2-RUN HOME RUN (Flyball, 89XD), Distance : 385 ft
|
Pitching: LHP Roger Glass
|
|
Batting: LHB Roderick Delgado
|
0-0: Swinging Strike 0-1: Foul Ball, location: 2F 0-2: Ball 1-2: Strikes out swinging
|
Top of the 9th over - 2 run(s), 1 hit(s), 0 error(s), 0 left on base; Stanford 2 - Minnesota 4 |
|